 Dungeon Crawl Stone Soup version 0.23.0 (webtiles) character file.

Game seed: 3117053932764791493

6642 BarneyGumball the Spear-Bearer (level 10, -5/80 HPs)
             Began as a Deep Dwarf Gladiator on Feb 11, 2019.
             Was a Priest of Makhleb.
             Slain by a death yak simulacrum (31 damage)
             ... in an ice cave.
             The game lasted 00:44:58 (7063 turns).

BarneyGumball the Spear-Bearer (DDGl)               Turns: 7063, Time: 00:44:58

Health: -5/80      AC: 12    Str: 19    XL:     10   Next: 72%
Magic:  8/8        EV: 13    Int: 11    God:    Makhleb [***...]
Gold:   551        SH:  5    Dex: 14    Spells: 6/9 levels left

rFire    . . .     SeeInvis .   s - +1 spear (flame)
rCold    . . .     Gourm    .   v - +0 buckler
rNeg     . . .     Faith    .   n - +0 scale mail
rPois    .         Spirit   .   c - +0 helmet
rElec    .         Reflect  .   (no cloak)
rCorr    .         Harm     .   e - +2 pair of gloves
MR       +....                  (no boots)
Stlth    ..........             (no amulet)
HPRegen  0.00/turn              H - +2 ring of protection
MPRegen  0.11/turn              q - +2 ring of evasion

@: non-regenerating
A: damage resistance, heal wounds, sense surroundings 2, no regeneration
a: Heal Wounds, Minor Destruction, Lesser Servant of Makhleb, Renounce Religion


You were in an ice cave.
You worshipped Makhleb.
Makhleb was most pleased with you.
You were not hungry.

You visited 3 branches of the dungeon, and saw 12 of its levels.
You also visited: Ice Cave.

You collected 551 gold pieces.

Inventory:

Hand Weapons
 d - a +2 vampiric glaive
 s - a +1 spear of flaming (weapon)
Missiles
 l - 209 stones
 o - 11 tomahawks (quivered)
 x - 3 poisoned tomahawks
 F - a throwing net
Armour
 c - a +0 helmet (worn)
 e - a +2 pair of gloves (worn)
 n - a +0 scale mail (worn)
 v - a +0 buckler (worn)
Jewellery
 q - a +2 ring of evasion (right hand)
 B - an uncursed ring of stealth
 H - a +2 ring of protection (left hand)
Wands
 u - a wand of polymorph (7)
 y - a wand of paralysis (15)
 A - a wand of scattershot (7)
 E - a wand of flame (16)
Scrolls
 g - 3 scrolls of remove curse
 h - a scroll of magic mapping {unknown}
 i - 3 scrolls of identify
 k - 3 scrolls of teleportation
 r - a scroll of enchant armour
 D - a scroll of amnesia
 G - a scroll of immolation {unknown}
Potions
 a - a potion of magic {unknown}
 b - a potion of brilliance {unknown}
 j - a potion of invisibility {unknown}
 m - a potion of mutation {unknown}
 p - a potion of degeneration {unknown}
 t - 6 potions of lignification
 w - a potion of curing
 z - 2 potions of flight {unknown}
 I - a potion of heal wounds {unknown}
Comestibles
 f - 19 rations


   Skills:
 - Level 1.7 Fighting
   Level 7.2(10.8) Axes
 * Level 10.7(11.3) Polearms
 + Level 8.7 Throwing
 - Level 3.2 Dodging
 + Level 3.3 Shields
 + Level 0.3 Invocations


You had 6 spell levels left.
You knew the following spells:

 Your Spells              Type           Power        Failure   Level  Hunger
a - Blink                 Tloc           N/A          88%         2    ###....
b - Apportation           Tloc           #.....       77%         1    ##.....

Your spell library contained the following spells:

 Spells                   Type           Power        Failure   Level  Hunger
 Animate Skeleton         Necr           N/A          77%         1    ##.....
 Confusing Touch          Hex            #.....       77%         1    ##.....
 Magic Dart               Conj           #...         77%         1    ##.....
 Summon Small Mammal      Summ           #...         77%         1    ##.....
 Call Imp                 Summ           #.......     88%         2    ###....
 Slow                     Hex            #.......     88%         2    ###....
 Conjure Flame            Conj/Fire      #.......     98%         3    ####...
 Mephitic Cloud           Conj/Pois/Air  #.......     98%         3    ####...


Dungeon Overview and Level Annotations

Branches:
Dungeon (10/15)            Temple (1/1) D:6            Lair (1/6) D:8
    Orc: D:9-12

Altars:
Ashenzari
Cheibriados
Dithmenos
Elyvilon
Fedhas
Gozag
Hepliaklqana
Kikubaaqudgha
Makhleb
Nemelex Xobeh
Okawaru
Qazlal
Ru
Sif Muna
Trog
Uskayaw
Vehumet
Wu Jian
Xom
Yredelemnul
Zin
The Shining One

Shops:
D:4 (

Annotations:
D:2 Sigmund
D:7 Joseph
D:8 5 runed translucent doors


Innate Abilities, Weirdness & Mutations

You are resistant to damage.
You can heal yourself by infusing magical energy.
You passively map the area around you.
You do not regenerate.


Message History

You hit the death yak simulacrum but do no damage.
The death yak simulacrum is almost destroyed.
You hit the death yak simulacrum but do no damage.
The death yak simulacrum is almost destroyed.
The death yak simulacrum gores you but does no damage.
The death yak simulacrum gores you! The death yak simulacrum freezes you!!
* * * LOW HITPOINT WARNING * * *
You feel much better.
The death yak simulacrum completely misses you.
The death yak simulacrum gores you! The death yak simulacrum freezes you!!
* * * LOW HITPOINT WARNING * * *
You feel much better.
You block the death yak simulacrum's attack.
You hit the death yak simulacrum but do no damage.
The death yak simulacrum is almost destroyed.
The death yak simulacrum gores you. The death yak simulacrum freezes you!
You feel much better. The death yak simulacrum gores you!
The death yak simulacrum freezes you!! The death yak simulacrum gores you!
The death yak simulacrum freezes you!!
You die...

, * ,..##
,, ,,,
*...## ,,
≈ #...# ,
, , ≈ ≈
##... ,
,,* * ≈≈
#.((#*
##.(.## *
* ≈≈
##.....##
**
#..ZZ...#
*≈
#...@...#
, ,
##..∩..##
** * ≈
##...## *
≈ ##### *


You could see 2 death yak simulacra.

Vanquished Creatures
  2 spiny frogs (Lair:1)
  A centaur skeleton (D:9)
  An ice devil (Lair:1)
  A troll (D:9)
  A hornet (D:8)
  3 yaks (D:9)
  A soldier ant (D:8)
  A water moccasin (Lair:1)
  3 orc warriors (D:9)
  2 porcupines (Lair:1)
  3 sky beasts
  A phantom (D:7)
  2 black bears (D:6)
  An eye of draining (D:7)
  An ogre (D:7)
  7 wolves (Lair:1)
  2 crocodiles (D:9)
  Blork the orc (D:4)
  3 big kobolds
  2 bullfrogs
  3 gnoll sergeants (D:8)
  A scorpion (D:4)
  A water moccasin skeleton (D:9)
  4 wights
  A howler monkey (D:9)
  2 crimson imps
  A centaur zombie (D:9)
  9 hounds
  2 jellies
  A gnoll shaman (D:7)
  6 orc priests
  4 orc wizards
  2 iguanas
  Ijyb (D:5)
  Natasha (twice) (D:4)
  Terence (D:2)
  7 worker ants
  A wolf simulacrum (IceCv)
  A worker ant zombie (D:8)
  17 gnolls
  10 adders
  A shadow imp (D:5)
  2 oozes
  An adder skeleton (D:8)
  3 worms
  2 dart slugs (D:3)
  6 leopard geckos
  22 orcs
  5 giant cockroaches
  4 goblins
  11 hobgoblins
  9 jackals
  3 quokkas
  4 bats
  5 frilled lizards
  20 kobolds
  2 quokka skeletons
  3 rats
219 creatures vanquished.

Vanquished Creatures (collateral kills)
  An ice devil (Lair:1)
  An elephant simulacrum (IceCv)
2 creatures vanquished.

Grand Total: 221 creatures vanquished

Notes
Turn   | Place    | Note
-------+----------+-------------------------------------------
     0 | D:1      | BarneyGumball the Deep Dwarf Gladiator began the quest for
                  | the Orb.
     0 | D:1      | Reached XP level 1. HP: 19/19 MP: 1/1
    87 | D:1      | Reached XP level 2. HP: 26/26 MP: 2/2
   556 | D:1      | Reached XP level 3. HP: 28/32 MP: 3/3
   757 | D:2      | Found a snail-covered altar of Cheibriados.
   757 | D:2      | Found a blossoming altar of Fedhas.
   758 | D:2      | Found an ornate altar of the Wu Jian Council.
   841 | D:2      | Noticed Terence
   847 | D:2      | Killed Terence
  1025 | D:2      | Noticed Sigmund
  1075 | D:3      | Reached XP level 4. HP: 13/39 MP: 4/4
  1078 | D:3      | Reached skill level 5 in Axes
  1118 | D:3      | Reached XP level 5. HP: 19/45 MP: 5/5
  1150 | D:3      | Found a shadowy altar of Dithmenos.
  1530 | D:3      | Found a sparkling altar of Nemelex Xobeh.
  1971 | D:4      | Noticed Natasha
  1977 | D:4      | Killed Natasha
  1977 | D:4      | Reached XP level 6. HP: 29/52 MP: 5/5
  1979 | D:4      | Found a sparkling altar of Nemelex Xobeh.
  2251 | D:4      | Noticed Blork the orc
  2262 | D:4      | Killed Blork the orc
  2299 | D:4      | Found a basalt altar of Yredelemnul.
  2497 | D:4      | Noticed Natasha
  2504 | D:4      | Killed Natasha
  2504 | D:4      | Reached skill level 1 in Polearms
  2504 | D:4      | Reached XP level 7. HP: 42/58 MP: 6/6
  2519 | D:4      | Found Govoahy's Weapon Shoppe.
  2769 | D:5      | Entered Level 5 of the Dungeon
  2871 | D:5      | Noticed Ijyb
  2905 | D:5      | Killed Ijyb
  2982 | D:5      | Reached skill level 2 in Polearms
  3522 | D:6      | Reached skill level 3 in Polearms
  3527 | D:6      | Found a bloodstained altar of Trog.
  3637 | D:6      | Reached skill level 5 in Throwing
  3673 | D:6      | Reached skill level 4 in Polearms
  3673 | D:6      | Reached XP level 8. HP: 58/66 MP: 7/7
  3706 | D:6      | Learned a level 2 spell: Blink
  3708 | D:6      | Learned a level 1 spell: Apportation
  3845 | D:6      | Found a staircase to the Ecumenical Temple.
  3850 | Temple   | Entered the Ecumenical Temple
  3905 | Temple   | Became a worshipper of Makhleb the Destroyer
  4071 | D:7      | Found an opulent altar of Gozag.
  4076 | D:7      | Noticed Joseph
  4307 | D:7      | Reached skill level 5 in Polearms
  4528 | D:7      | Reached skill level 6 in Polearms
  4548 | D:8      | Found a staircase to the Lair.
  4599 | D:8      | Found a runed translucent gate.
  4599 | D:8      | Found a runed translucent gate.
  4599 | D:8      | Found a runed translucent gate.
  4605 | D:8      | Found a runed translucent door.
  4605 | D:8      | Found a runed translucent door.
  4700 | D:8      | Reached * piety under Makhleb
  4903 | D:8      | Gained mutation: You passively map the area around you.
                  | [Deep Dwarf growth]
  4903 | D:8      | Reached XP level 9. HP: 73/73 MP: 8/8
  4910 | D:8      | Reached skill level 7 in Polearms
  5031 | D:8      | Paralysed by a hornet for 3 turns
  5038 | D:8      | Paralysed by a hornet for 2 turns
  5172 | D:8      | Found the +9 staff of Olgreb {rPois}
  5501 | D:9      | Reached skill level 8 in Polearms
  5595 | D:9      | Reached ** piety under Makhleb
  5643 | D:9      | Reached skill level 9 in Polearms
  5859 | D:9      | Found a shattered altar of Ashenzari.
  5896 | D:9      | Reached XP level 10. HP: 68/80 MP: 8/8
  5988 | D:9      | Found a glowing golden altar of the Shining One.
  6306 | D:10     | Entered Level 10 of the Dungeon
  6445 | Lair:1   | Entered Level 1 of the Lair of Beasts
  6614 | Lair:1   | Reached skill level 10 in Polearms
  6695 | Lair:1   | Reached skill level 1 in Shields
  6704 | Lair:1   | Reached *** piety under Makhleb
  6781 | Lair:1   | Noticed a spiny frog
  6791 | Lair:1   | Killed a spiny frog
  6811 | Lair:1   | Noticed a spiny frog
  6817 | Lair:1   | Killed a spiny frog
  7027 | Lair:1   | Found a frozen archway.
  7041 | IceCv    | Entered an ice cave
  7063 | IceCv    | Slain by a death yak simulacrum

Skill      XL: |  1  2  3  4  5  6  7  8  9 10 |
---------------+-------------------------------+-----
Throwing       | 2 3 4 5 6 7 8 |  8.7
Axes           | 4 5 6 7 |  7.2
Polearms       | 1 4 6 9 10 | 10.7
Shields        | 3 |  3.3
Fighting       | |  1.7
Dodging        | |  3.2
Invocations    | |  0.3

Action                   |  1- 3 |  4- 6 |  7- 9 | 10-12 || total
-------------------------+-------+-------+-------+-------++-------
Melee: War axe           |    95 |   143 |       |       ||   238
       Glaive            |       |     8 |   396 |    37 ||   441
       Spear             |       |       |       |   118 ||   118
Throw: Throwing net      |       |     9 |       |       ||     9
       Tomahawk          |       |     7 |    44 |    51 ||   102
       Stone             |       |       |    69 |     1 ||    70
Invok: Lesser Servant of |       |       |       |     2 ||     2
 Abil: Heal Wounds       |       |     3 |     3 |     5 ||    11
  Use: Scroll            |       |       |     9 |       ||     9
       Potion            |       |       |     1 |       ||     1
 Stab: Sleeping          |     1 |       |       |       ||     1
       Distracted        |       |       |       |     1 ||     1
  Eat: Chunk             |     1 |     2 |     9 |     1 ||    13
       Ration            |       |     2 |     1 |     1 ||     4
Armor: Leather armour    |    31 |       |       |       ||    31
       Scale mail        |    12 |    56 |   253 |    27 ||   348
Dodge: Dodged            |    74 |    77 |   323 |    74 ||   548
Block: Buckler           |       |       |       |    10 ||    10
